 Dungeon Crawl Stone Soup version 0.32-a0-540-g866d13106e (webtiles) character file.

Game seed: 18246331544296402088

46 MachoJfn the Chopper (level 3, -5/28 HPs)
             Began as a Demonspawn Gladiator on Feb 28, 2024.
             Was an Initiate of Ru.
             Slain by a gnoll
             ... wielding a +0 spear
              (6 damage)
             ... on level 2 of the Dungeon.
             The game lasted 00:03:44 (1073 turns).

MachoJfn the Chopper (Demonspawn Gladiator)         Turns: 1073, Time: 00:03:44

Health: -5/28      AC:  4    Str: 16    XL:     3   Next: 44%
Magic:  2/2        EV: 13    Int:  8    God:    Ru [......]
Gold:   63         SH:  0    Dex: 14    Spells: 2/2 levels left

rFire   . . .        a - +0 war axe
rCold   . . .        (no shield)
rNeg    . . .        b - +0 leather armour
rPois   .            c - +0 helmet
rElec   .            (no cloak)
rCorr   .            (no gloves)
SInv    .            (no boots)
Will    +....        (no amulet)
Stlth   +            (no ring)
HPRegen 0.24/turn    (no ring)
MPRegen 0.08/turn

%: no passive effects
@: attractive, enlightened, flying
A: low MP 1, powered by death 1, sturdy frame 1
a: Renounce Religion


You were on level 2 of the Dungeon.
You worshipped Ru.
Ru was noncommittal.
You visited 1 branch of the dungeon, and saw 2 of its levels.

You collected 63 gold pieces.

Inventory:

Hand Weapons
 a - a +0 war axe (weapon)
Missiles
 d - 4 throwing nets (quivered)
 e - a javelin
 f - 18 stones
 k - 3 poisoned darts
Armour
 b - a +0 leather armour (worn)
 c - a +0 helmet (worn)
Jewellery
 h - a ring of fire
Scrolls
 g - a scroll of enchant weapon {unknown}
 l - a scroll of torment {unknown}
 m - 2 scrolls of identify {unknown}
Potions
 i - a potion of brilliance {unknown}
 n - a potion of attraction


   Skills:
 + Level 2.3 Fighting
 + Level 3.4 Axes
 - Level 1.7 Throwing
 + Level 3.2 Dodging


You had 2 spell levels left.
You didn't know any spells.
Your spell library contained the following spells:

 Spells                   Type           Power      Damage    Failure   Level
 Magic Dart               Conj           0%         1d3       41%         1
 Shock                    Conj/Air       0%         1d3       41%         1
 Ensorcelled Hibernation  Hex/Ice        0%         N/A       56%         2
 Fugue of the Fallen      Necr           0%         N/A       80%         3
 Mephitic Cloud           Conj/Alch/Air  0%         N/A       80%         3
 Ozocubu's Armour         Ice            0%         N/A       80%         3
 Passwall                 Erth           0%         N/A       80%         3
 Swiftness                Air            0%         N/A       80%         3
 Airstrike                Air            0%         2d(0-16)  99%         4
 Manifold Assault         Tloc           0%         N/A       99%         4
 Orb of Destruction       Conj           0%         9d5       100%        7


Dungeon Overview and Level Annotations

Branches:
Dungeon (2/15)

Altars:
Ru


Innate Abilities, Weirdness & Mutations

Your magical capacity is low. (-10% MP)
You regenerate a little health from kills.
Your movements are slightly less encumbered by armour. (ER -2)


Message History

The gnoll hits you with a +0 spear.
You barely miss the gnoll. The gnoll barely misses you.
The gnoll hits you with a +0 spear. The gnoll misses you.
The gnoll barely misses you.
You closely miss the gnoll. The gnoll barely misses you.
The gnoll closely misses you.
It was a potion of attraction.
You feel attractive to monsters. The gnoll completely misses you.
The gnoll hits you with a +0 spear.
* * * LOW HITPOINT WARNING * * *
The gnoll is attracted toward you.
You slash the gnoll!
The gnoll is heavily wounded.
You hit the gnoll. The gnoll hits you but does no damage.
The gnoll closely misses you.
You closely miss the gnoll.
The gnoll is heavily wounded.
You hit the gnoll. The gnoll closely misses you. x3
The gnoll hits you but does no damage.
You barely miss the gnoll.
The gnoll is heavily wounded.
You hit the gnoll. The gnoll hits you with a +0 spear.
* * * LOW HITPOINT WARNING * * *
The gnoll hits you with a +0 spear.
* * * LOW HITPOINT WARNING * * *
You barely miss the gnoll.
The gnoll is heavily wounded.
You barely miss the gnoll.
A gnoll comes into view. It is wielding a +0 whip.
The gnoll hits you with a +0 spear.
* * * LOW HITPOINT WARNING * * *
The gnoll hits you with a +0 spear.
* * * LOW HITPOINT WARNING * * *
The gnoll is attracted toward you.
It was a potion of enlightenment.
You feel very buoyant.
You fly up into the air.
The gnoll completely misses you. The gnoll hits you with a +0 spear.
You die...
Ru respects your ultimate sacrifice.

..#
.####....#...#P♣♣♣♣..
... #..†.♣.[.#..♣P♣♣.
... #....'.ß.'...._♣
##. #....♣...#...♣♣♣
#....#.†.#PP.♣
#....#####..♣♣
#.....♣÷♣PP♣♣ .
#.....♣♣♣♣♣♣....
#.......@gg.....
#######g##§..... #.#
#§... ..# ... #..# .
#... ##.# ...


You could see 3 gnolls.

Vanquished Creatures
  An adder (D:2)
  A ribbon worm (D:2)
  2 endoplasms (D:1)
  A giant cockroach (D:1)
  4 goblins (D:1)
  2 hobgoblins (D:1)
  2 quokkas (D:1)
  3 ball pythons
  6 bats
  3 frilled lizards
  6 kobolds
  6 rats
37 creatures vanquished.

Notes
Turn   | Place    | Note
-------+----------+-------------------------------------------
     0 | D:1      | MachoJfn the Demonspawn Gladiator began the quest for the
                  | Orb.
     0 | D:1      | Reached XP level 1. HP: 16/16 MP: 1/1
   116 | D:1      | Gained mutation: Your movements are slightly less
                  | encumbered by armour. (ER -2) [demonic ancestry]
   116 | D:1      | Reached XP level 2. HP: 20/22 MP: 2/2
   607 | D:1      | Gained mutation: You regenerate a little health from kills.
                  | [demonic ancestry]
   607 | D:1      | Reached XP level 3. HP: 26/27 MP: 3/3
   852 | D:2      | Got the Information on Percussion
  1037 | D:2      | Found a faded altar of an unknown god.
  1045 | D:2      | Prayed at the altar of an unknown god.
  1045 | D:2      | Became a worshipper of Ru the Awakened
  1047 | D:2      | Gained mutation: Your magical capacity is low. (-10% MP)
                  | [Ru sacrifice]
  1072 | D:2      | HP: 1/28 [gnoll/+0 spear (2)]
  1073 | D:2      | Slain by a gnoll

Illustrated notes

Levels and vault maps discovered:
D:1:      dpeg_arrival_shrine, layout_loops_cross, minmay_tromino_v2
D:2:      layout_basic, dilly_ecumenical_altar_fadedgnrine, minivault_24

Skill      XL: |  1  2 |
---------------+-------+-----
Axes           | 3 |  3.4
Dodging        | 3 |  3.2
Fighting       | |  2.3
Throwing       | |  1.7

Action                     || total
---------------------------++-------
  Melee: War axe           ||    97
 Invoke: Sacrifice Essence ||     1
    Use: Potion            ||     2
 Armour: Leather armour    ||    81
  Dodge: Dodged            ||    92

Table legend: (Time is in decaauts)
 A = Elapsed time spent in this place.
 B = Non-inter-level travel time spent in this place.
 C = Inter-level travel time spent in this place.
 D = Time resting spent in this place.
 E = Time spent auto-exploring this place.
 F = Levels seen in this place.
 G = Mean time per level.
                   A        B        C        D        E       F      G
               +--------+--------+--------+--------+--------+-----+--------+
         Total |   1107 |   1038 |     69 |      0 |    736 |   2 |  553.5 |
       Dungeon |   1107 |   1038 |     69 |      0 |    736 |   2 |  553.5 |
               +--------+--------+--------+--------+--------+-----+--------+

Top non-repeatable levels by time:
     D:1: 874 daAuts
     D:2: 232 daAuts
